amy, neutral female human Ranger ------ -------------------------------- |..... |........................).....| #(..... ..------|--------------..-----.| ###|..... |.|)[[[|..|...|. +..|...|.| # |[.... |.|....|..|...|. |..-...|.| ### |..... ..---|----|...||------|..|...|.| # ---+-- |......|=*|...|.|(.|..|.-----|.| ### +.----.|d.|-|--.|..|..|.|....|.| # |.|..-.-|--(.{..-|-|..|.-.._.|.|### |.|..|.@.@.f.(.....-.--.|....|.|# |.|---+---@----|--......|....|.|# |.| |.+ |..-.----------|.|# |%| |.| |!(|.. |!%.-..# +.| |.- |?%|.. |!%.|)| |.- -..{ ------- -----.| |..............................| --- ------- ---- amy the Trailblazer Experience level: 7 Strength: 15 Dexterity: 12 Constitution: 17 Intelligence: 14 Wisdom: 14 Charisma: 7 Health: 0(64) Energy: 38(38) Def: 7 Gold: 675 Moves: 3491 Dungeon seed: YuqX_5WumSj_ksd7 Game ID: amy_1469670186 Your Inventory: Coins $ - 675 gold pieces Amulets B - an uncursed amulet versus poison Weapons a - an uncursed +1 dagger b - an uncursed +0 bow (weapon in hand) c - 50 uncursed +2 arrows (in quiver) v - 3 uncursed poisoned +0 orcish arrows w - 48 uncursed +0 arrows Z - 2 uncursed +0 arrows Armor n - an uncursed +0 plate mail (being worn) Comestibles h - an uncursed cream pie i - an uncursed partly eaten cram ration s - an uncursed partly eaten cram ration t - an uncursed sprig of wolfsbane M - 2 uncursed tins of lichen Scrolls u - an uncursed scroll of enchant weapon F - a blessed scroll of gold detection R - an uncursed scroll of genocide S - a cursed scroll of create monster Potions j - 2 uncursed potions of object detection z - an uncursed potion of enlightenment D - a cursed potion of object detection G - an uncursed potion of object detection L - a blessed potion of paralysis named ok Q - a blessed potion of sleeping X - an uncursed potion of hallucination Rings E - an uncursed ring of free action I - a cursed ring of teleportation K - an uncursed ring of teleport control (on left hand) V - an uncursed ring of regeneration Wands g - an uncursed wand of slow monster (0:3) H - an uncursed wand of opening (0:3) Tools m - an uncursed magic whistle N - an uncursed oil lamp (0:0) T - an uncursed +0 pick-axe U - an uncursed sack Spells and supernatural/magical abilities: Name Level Category Fail Memory W - pray for help -- divine ? -- Your skills at the end: Miscellaneous Skills wands [Basic] Weapon Skills dagger [Basic] bow [Skilled] Spellcasting Skills Final Attributes: You were fervently aligned. You were poison resistant. You were telepathic. You had automatic searching. You were stealthy. You had teleport control. You are dead. Vanquished creatures: a small mimic 3 jaguars a blue jelly a gnome mummy a rope golem a Woodland-elf 3 wood nymphs 3 Uruk-hai a rock mole 3 yellow lights 4 gnome lords 2 gnomish wizards 6 giant ants a little dog 2 floating eyes 8 dwarves an iguana a giant bat 3 monkeys 2 dwarf zombies 20 killer bees 2 hobbits a gecko a hobgoblin a cave spider 34 gnomes 10 garter snakes a gnome zombie 5 jackals 4 newts a goblin 6 grid bugs a bat a lichen 136 creatures vanquished. Voluntary challenges: You had been an atheist until turn 1952. You used a wielded weapon 25 times, starting on turn 3. You did not apply a unicorn horn. You read items or engraved 4 times, starting on turn 832. You never genocided any monsters. You never polymorphed an object. You never changed form. You used no wishes. You never split a pudding. You wrote Elbereth's name 1 time, starting on turn 3228. You violated your moral code, losing 5 points of alignment, starting on turn 1788. Dungeon overview: The Dungeons of Doom: levels 1 to 3 Level 1 a fountain, a sink a long staircase Level 2 Level 3 a general store stairs to The Gnomish Mines The Gnomish Mines: levels 4 to 7 Level 4 stairs to The Dungeons of Doom Level 5 Level 6 Level 7 <- You were here many shops, a temple to Mercury, a magic chest, some fountains History has recorded: On T:1 you entered the Dungeons of Doom to retrieve the Amulet of Yendor! On T:310 you reached level 2 of The Dungeons of Doom. On T:676 you reached level 3 of The Dungeons of Doom. On T:840 you advanced to experience level 2. On T:1032 you reached level 1 of The Gnomish Mines. On T:1043 you advanced to experience level 3. On T:1073 you advanced to experience level 4. On T:1382 you reached level 2 of The Gnomish Mines. On T:1452 you advanced to experience level 5. On T:1800 you advanced to experience level 6. On T:2172 you reached level 3 of The Gnomish Mines. On T:2533 you advanced to experience level 7. On T:2666 you reached level 4 of The Gnomish Mines. On T:2789 you entered the Minetown temple Score breakdown: Gold: 675 ( 67 points) Experience: 7 levels ( 600 points) Exploration: 7 levels ( 180 points) Discoveries: 8 items ( 400 points) Variety of kills: 34 monsters ( 1700 points) Major goal: reached Minetown ( 500 points) Survival: died (score multiplied by 3) Total score: 10341 Latest messages: The Woodland-elf stabs the large dog. The Woodland-elf thrusts his runed dagger. The Woodland-elf stabs you! The large dog misses the Woodland-elf. The Woodland-elf thrusts his runed dagger. The Woodland-elf stabs you! The large dog misses the Woodland-elf. The arrow hits the Woodland-elf! The Woodland-elf thrusts his runed dagger. The Woodland-elf stabs you! The large dog bites the Woodland-elf. The Woodland-elf is killed! You see here 7 uncursed +2 arrows. The large dog eats a Woodland-elf corpse. You have a little trouble lifting c - 7 uncursed +2 arrows (in quiver). "What lousy pay we're getting here!" The housecat misses the Woodland-elf. (2x) The Woodland-elf wields a runed short sword! The housecat bites the Woodland-elf. The Woodland-elf thrusts his runed short sword at the housecat. The Woodland-elf misses the housecat. The Woodland-elf thrusts his runed short sword. The Woodland-elf stabs you! You die... The sack is empty. The sack is empty. Final status: Goodbye amy the Ranger, killed by a Woodland-elf... You died in The Gnomish Mines on dungeon level 7 with 10341 points, and 675 pieces of gold, after 3491 moves. You were level 7 with a maximum of 64 hit points when you died.